 Dungeon Crawl Stone Soup version 0.27-a0-1049-g450f9b2e0d (webtiles) character file.

Game seed: 3164180582923928217

4 kae the Ruffian (level 1, -1/18 HPs)
             Began as a Naga Transmuter on Apr 20, 2021.
             Frozen to death by an endoplasm (4 damage)
             ... on level 1 of the Dungeon.
             The game lasted 00:00:08 (97 turns).

kae the Ruffian (Naga Transmuter)                     Turns: 97, Time: 00:00:09

Health: -1/18      AC:  1    Str: 12    XL:     1   Next: 60%
Magic:  3/3        EV:  9    Int: 13    God:
Gold:   0          SH:  0    Dex: 11    Spells: 3/4 levels left

rFire    . . .     SeeInvis +     - Unarmed
rCold    . . .     Faith    .   (no shield)
rNeg     . . .     Spirit   .   a - +0 robe
rPois    +         Reflect  .   (no helmet)
rElec    .         Harm     .   (no cloak)
rCorr    .         Rampage  .   (no gloves)
Will     .....                  (no barding)
Stlth    +.........             (no amulet)
HPRegen  0.06/turn              (no ring)
MPRegen  0.08/turn              (no ring)

@: very slow
A: AC +0, large, see invisible, deformed body, poison resistance, slowness 2,
spit poison 1, naga tail 1
a: Spit Poison


You were on level 1 of the Dungeon.
You visited 1 branch of the dungeon, and saw 1 of its levels.

Inventory:

Armour
 a - a +0 robe (worn)
Scrolls
 c - a scroll of enchant weapon {unknown}
Potions
 b - a potion of mutation {unknown}


   Skills:
 + Level 1.0 Fighting
 + Level 1.6 Dodging
 * Level 3.1 Unarmed Combat
 + Level 2.0 Spellcasting
 * Level 2.1 Transmutations


You had 3 spell levels left.
You knew the following spells:

 Your Spells              Type           Power      Damage    Failure   Level
a - Beastly Appendage     Tmut           12%        N/A       11%         1

Your spell library contained the following spells:

 Spells                   Type           Power      Damage    Failure   Level
 Wereblood                Tmut           6%         N/A       16%         2
 Spider Form              Tmut/Pois      2%         N/A       43%         3
 Ice Form                 Ice/Tmut       4%         N/A       85%         4
 Hydra Form               Tmut           3%         N/A       96%         5


Dungeon Overview and Level Annotations

Branches:
Dungeon (1/15)

Altars:


Innate Abilities, Weirdness & Mutations

Your serpentine skin is tough. (AC +0)
You have supernaturally acute eyesight. (SInv)
Armour fits poorly on your strangely shaped body.
Your system is resistant to poisons. (rPois)
You cover ground very slowly.
You can spit poison.
You have a snake-like lower body.


Message History

The jackal is heavily wounded.
The jackal bites you.
You can't do that yet.
You hit the jackal.
You kill the jackal!
You have got your breath back.
The jackal bites you.
* * * LOW HITPOINT WARNING * * *
Press: ? - help, Shift-Dir - straight line, f - jackal
Aim: a jackal (moderately wounded)
The splash of poison misses the jackal.
The jackal barely misses you.
You closely miss the jackal.
The jackal is moderately wounded.
The jackal bites you.
* * * LOW HITPOINT WARNING * * *
You can't do that yet.
You barely miss the jackal. You headbutt the jackal.
You kill the jackal!
You barely miss the jackal.
You headbutt the jackal, but do no damage.
Your horns disappear.
The jackal barely misses you. x2
You can't do that yet.
You hit the jackal.
You kill the jackal!
You can't do that yet.
You hit the endoplasm.
The endoplasm is severely wounded.
The endoplasm closely misses you.
You can't do that yet.
You completely miss the endoplasm.
The endoplasm is severely wounded.
The endoplasm misses you.
You hit the endoplasm but do no damage.
You punch the endoplasm, but do no damage.
The endoplasm is severely wounded.
You have got your breath back.
The endoplasm freezes you.
You are frozen.
You die...

##.... ....
......# ..[#
....... ...#
..... ...#
....#...#
..###......####
..J...ghr......
#J# #.#@# #.#.#
#.#.## ###.#..#
#..)...#
#......##
#.......#
#.......## .##
########........#
.#


You could see an endoplasm, a jackal, a goblin and a rat.

Vanquished Creatures
  3 jackals (D:1)
3 creatures vanquished.

Notes
Turn   | Place    | Note
-------+----------+-------------------------------------------
     0 | D:1      | kae the Naga Transmuter began the quest for the Orb.
     0 | D:1      | Reached XP level 1. HP: 18/18 MP: 3/3
    97 | D:1      | Frozen to death by an endoplasm

Illustrated notes

Levels and vault maps discovered:
D:1:      scummos_arrival_forest, layout_basic, serial_shops, shop

Action                   || total
-------------------------++-------
Melee: Unarmed           ||    13
       Headbutt          ||     4
       Punch             ||     2
 Cast: Beastly Appendage ||     1
 Abil: Spit Poison       ||     2
Armor: Robe              ||     1
Dodge: Dodged            ||     6

Table legend: (Time is in decaauts)
 A = Elapsed time spent in this place.
 B = Non-inter-level travel time spent in this place.
 C = Inter-level travel time spent in this place.
 D = Time resting spent in this place.
 E = Time spent auto-exploring this place.
 F = Levels seen in this place.
 G = Mean time per level.
                   A        B        C        D        E       F      G
               +--------+--------+--------+--------+--------+-----+--------+
         Total |    127 |    127 |      0 |      0 |    106 |   1 |  127.0 |
       Dungeon |    127 |    127 |      0 |      0 |    106 |   1 |  127.0 |
               +--------+--------+--------+--------+--------+-----+--------+

Top non-repeatable levels by time:
     D:1: 127 daAuts
